 Dungeon Crawl Stone Soup version 0.19-a0-151-g039907c (webtiles) character file.

113 Kidiri the Firebug (level 4, -4/28 HPs)
             Began as a High Elf Fire Elementalist on May 19, 2016.
             Slain by an orc priest
             ... wielding a +0 mace
              (8 damage)
             ... on level 3 of the Dungeon.
             The game lasted 00:12:38 (3157 turns).

Kidiri the Firebug (High Elf Fire Elementalist)     Turns: 3157, Time: 00:12:39

Health: -4/28      AC:  2    Str:  7    XL:     4   Next: 65%
Magic:  1/9        EV: 24    Int: 19    God:
Gold:   92         SH:  0    Dex: 21    Spells: 4 memorised, 0 levels left

rFire  . . .     SeeInvis .     e - +0 dagger
rCold  . . .     Gourm    .     a - +0 robe
rNeg   . . .     Faith    .     (no shield)
rPois  .         Spirit   .     (no helmet)
rElec  .         Dismiss  .     (no cloak)
rCorr  .         Reflect  .     (no gloves)
SustAt .         Harm     .     (no boots)
MR     .....                    (no amulet)
Stlth  +++.......               (no ring)
                                c - +5 ring of evasion

@: agile, about to teleport, very slightly contaminated, not resistant to
hostile enchantments, fairly stealthy
A: no striking features
a: no special abilities


You were on level 3 of the Dungeon.
You were not hungry.

You visited 1 branch of the dungeon, and saw 3 of its levels.

You collected 92 gold pieces.

Inventory:

Hand Weapons
 e - a +0 dagger (weapon)
Armour
 a - a +0 robe (worn)
Jewellery
 c - a +5 ring of evasion (left hand)
Scrolls
 h - a scroll of noise
 k - a scroll of fear {unknown}
 n - 2 scrolls of remove curse
 r - 2 scrolls of blinking {unknown}
Potions
 j - a potion of might
 l - a potion of brilliance
 m - a potion of cancellation
Books
 b - a book of Flames

   Spells                             Type                      Level
   a - Flame Tongue                   Conjuration/Fire             1
   b - Throw Flame                    Conjuration/Fire             2
   c - Conjure Flame                  Conjuration/Fire             3
   d - Inner Flame                    Hexes/Fire                   3
   e - Sticky Flame                   Conjuration/Fire             4
   f - Fireball                       Conjuration/Fire             5
 q - a book of Death

   Spells                             Type                      Level
   a - Corpse Rot                     Necromancy                   2
   b - Sublimation of Blood           Necromancy                   2
   c - Agony                          Necromancy                   5
   d - Dispel Undead                  Necromancy                   5
   e - Excruciating Wounds            Charms/Necromancy            5
   f - Bolt of Draining               Conjuration/Necromancy       5
Comestibles
 d - 9 fruits
 f - 4 chunks of flesh
 i - 2 meat rations
 o - a bread ration


   Skills:
 + Level 1.0 Fighting
 + Level 1.6 Armour
 * Level 2.8 Dodging
 - Level 2.1 Stealth
 + Level 3.2 Spellcasting
 + Level 2.1 Conjurations
 + Level 0.6 Hexes
 * Level 3.4 Fire Magic


You couldn't memorise any spells.
You knew the following spells:

 Your Spells              Type           Power        Failure   Level  Hunger
a - Flame Tongue          Conj/Fire      ##...        6%          1    None
b - Throw Flame           Conj/Fire      ##....       10%         2    ##.....
c - Conjure Flame         Conj/Fire      ##......     14%         3    ###....
d - Inner Flame           Hex/Fire       ##......     21%         3    ###....


Dungeon Overview and Level Annotations

Branches:
Dungeon (3/15)

Altars:
Okawaru
Trog


Message History

Aim: an orc priest, wielding a mace and wearing a ring mail (translocational energy, moderately wounded)
You miscast Flame Tongue.
Heat runs through your body.
The orc priest invokes the aid of Beogh against you.
Beogh smites you!
* * * LOW HITPOINT WARNING * * *
Drink which item? (? for menu, Esc to quit)
Okay, then.
Unknown command.
Drink which item? (? for menu, Esc to quit)
You feel agile all of a sudden.
The orc priest hits you but does no damage.
Read which item? (? for menu, Esc to quit)
As you read the scroll of teleportation, it crumbles to dust.
You feel strangely unstable.
The orc wizard mumbles some strange words.
The orc wizard seems to speed up.
You hit the orc priest.
The orc priest is heavily wounded.
The orc priest hits you with a mace!
You die...

#. ... #. ##.. ##.
.... ... #o. ##.
#.. ... #!# .#####
...####o#########
#.....#
........o@......##
#......
##.#..#.#######..#
#...... #. #.#
##.###...... # #.#
#..##...... #.#
##.##...... #.#
#..#.....# #.#
#######.#...)..
..#
#.......#.###..
#.........# #..


You could see an orc priest and an orc wizard.

Vanquished Creatures
  A hound skeleton (D:3)
  2 gnolls (D:2)
  4 dart slugs (D:1)
  2 giant geckos
  3 orcs (D:3)
  3 ball pythons
  8 giant cockroaches
  8 goblins
  6 hobgoblins
  2 jackals (D:3)
  7 kobolds
  A quokka (D:3)
  2 bats
  5 giant newts
  11 rats
65 creatures vanquished.

Notes
Turn   | Place    | Note
--------------------------------------------------------------
     0 | D:1      | Kidiri the High Elf Fire Elementalist began the quest for the Orb.
     0 | D:1      | Reached XP level 1. HP: 11/11 MP: 4/4
   162 | D:1      | Reached XP level 2. HP: 12/18 MP: 2/6
   190 | D:1      | Learned a level 2 spell: Throw Flame
   512 | D:1      | Reached XP level 3. HP: 22/22 MP: 5/8
   517 | D:1      | Learned a level 3 spell: Inner Flame
   822 | D:1      | Reached skill level 1 in Armour
  2004 | D:2      | Reached XP level 4. HP: 22/27 MP: 0/9
  2009 | D:2      | Learned a level 3 spell: Conjure Flame
  2692 | D:3      | Found a bloodstained altar of Trog.
  2692 | D:3      | Found an iron altar of Okawaru.
  3039 | D:3      | Reached skill level 1 in Fighting
  3157 | D:3      | Slain by an orc priest

Vault maps used:
D:1:      dpeg_arrival_ratfight, glass_columns_a
D:2:      kennysheep_generic_room_7
D:3:      gammafunk_temple_overflow_elements, gammafunk_temple_overflow_statue,
          first_bread

Skill      XL: |  1  2  3  4 |
---------------+-------------+-----
Armour         | 1 |  1.6
Conjurations   | 2 |  2.1
Spellcasting   | 3 |  3.2
Fighting       | 1 |  1.0
Dodging        | |  2.8
Stealth        | |  2.1
Hexes          | |  0.6
Fire Magic     | |  3.4

Action                   |  1- 3 |  4- 6 || total
-------------------------+-------+-------++-------
Melee: Dagger            |    36 |    15 ||    51
 Cast: Flame Tongue      |    47 |    34 ||    81
       Throw Flame       |     9 |     6 ||    15
  Use: Scroll            |     4 |     4 ||     8
       Potion            |     1 |     1 ||     2
 Stab: Sleeping          |     8 |       ||     8
  Eat: Chunk             |     2 |     1 ||     3
       Bread ration      |     1 |       ||     1
Armor: Robe              |     5 |     2 ||     7
Dodge: Dodged            |    24 |    23 ||    47
